Map: Taito Citadel LE

Players

alamo

  • Race: Zerg Zerg
  • Spawn Location: 5:00

HoldTheDoor - Winner!

  • Race: Protoss Protoss
  • League: Diamond
  • Spawn Location: 11:00

VOD

Have the link to the VOD?

Description

Time

  • Played on: May 2, 2026, 11:47 a.m.
  • Length: 11:45
Show
View Real Time Build Order
Export as new Build Order

alamo Zerg 

Build Orders: Hatch First 

Get SALT Encoding   

  12  0:00  Drone  
  13  0:12  Overlord  
  13  0:16  Drone  
  14  0:30  Drone x2  
  14  0:34  Drone  
  17  0:44  Drone  
  18  0:54  Hatchery  
  17  0:59  Extractor, Drone  
  17  1:11  Spawning Pool  
  16  1:20  Drone x2  
  18  1:33  Drone  
  19  1:54  Overlord x2  
  19  2:01  Queen  
  19  2:02  Zergling x2  
  19  2:07  Queen  
  24  2:14  Drone x2  
  26  2:29  Drone x3  
  29  2:32  Metabolic Boost  
  29  2:40  Overlord  
  29  2:46  Drone x2  
  30  3:12  Hatchery  
  30  3:19  Drone x7  
  39  3:20  Drone x3  
  39  3:21  Overlord  
  39  3:39  Queen  
  41  3:44  Drone x3  
  41  3:47  Drone x3  
  47  3:48  Extractor  
  47  3:49  Drone  
  47  4:08  Overlord  
  47  4:09  Overlord  
  47  4:10  Drone, Zergling x2  
  47  4:11  Zergling x4  
  51  4:19  Spore Crawler  
  51  4:20  Lair  
  50  4:28  Spore Crawler  
  50  4:29  Spore Crawler  
  50  4:30  Drone  
  49  4:31  Overlord  
  49  4:32  Zergling x2  
  49  4:33  Zergling x6  
  53  4:38  Zergling x4  
  53  4:39  Zergling x4  
  53  4:40  Zergling x2  
  58  4:59  Zergling x14  
  65  5:09  Hatchery  
  65  5:10  Hatchery  
  61  5:24  Overseer  
  61  5:42  Overseer  
  63  5:45  Zergling x2  
  63  5:46  Zergling x12  
  63  5:47  Overlord x2  
  63  5:48  Overlord  
  68  6:01  Hatchery  
  63  6:08  Overseer  
  60  6:13  Zergling x6  
  60  6:14  Zergling x4  
  57  6:29  Zergling x2  
  57  6:30  Zergling x4  
  58  6:45  Roach Warren  
  57  6:49  Evolution Chamber  
  57  6:50  Evolution Chamber  
  55  6:55  Infestation Pit  
  55  6:56  Drone x10  
  55  7:00  Overlord  
  64  7:02  Overseer  
  64  7:08  Pneumatized Carapace  
  64  7:12  Burrow  
  64  7:15  Zerg Melee Weapons Level 1  
  64  7:16  Zerg Ground Armor Level 1  
  64  7:27  Spore Crawler  
  64  7:29  Drone x8  
  71  7:30  Overlord  
  71  7:31  Overlord x2  
  71  7:32  Glial Reconstitution  
  71  7:34  Roach x5  
  71  7:35  Roach x2  
  71  7:36  Roach  
  87  7:52  Roach x4  
  95  8:06  Roach x2  
  95  8:07  Roach  
  95  8:09  Drone x3, Extractor  
  103  8:13  Hatchery, Zergling x2  
  103  8:14  Zergling x16  
  111  8:22  Overseer  
  111  8:25  Overlord x2  
  111  8:26  Overlord  
  111  8:48  Drone x3  
  114  8:51  Tunneling Claws, Drone x3  
  114  8:53  Extractor x2  
  114  8:54  Drone x3  
  118  8:56  Drone x2  
  120  9:05  Hive  
  120  9:06  Zergling x2  
  120  9:07  Zergling x26  
  120  9:08  Zergling x2  
  120  9:09  Zerg Missile Weapons Level 1  
  135  9:17  Extractor  
  135  9:19  Drone x3  
  137  9:29  Overlord x3  
  137  9:31  Roach  
  137  9:32  Roach x5  
  149  9:42  Drone x4  
  152  10:01  Roach  
  152  10:02  Roach x10  
  174  10:20  Ravager x5  
  130  10:53  Zergling x2  
  130  10:54  Zergling x38  
Show
View Real Time Build Order
Export as new Build Order

HoldTheDoor Protoss - Winner!

Build Orders: 1 Gate Expand, Zealot Archon, Archon Drop, Dark Templar Rush 

Get SALT Encoding   

  12  0:00  Probe  
  13  0:12  Probe  
  14  0:19  Pylon  
  14  0:24  Probe  
  15  0:33  Probe  
  15  0:41  Probe, Gateway  
  17  0:50  Assimilator  
  17  0:53  Probe  
  18  1:05  Probe  
  19  1:22  Pylon  
  19  1:29  Nexus  
  19  1:43  Cybernetics Core  
  19  1:50  Assimilator  
  19  1:54  Pylon  
  19  1:55  Probe  
  20  2:08  Probe, Stalker  
  21  2:12  Warp Gate  
  21  2:20  Probe  
  24  2:32  Probe  
  24  2:34  Gateway  
  25  2:37  Adept  
  25  2:41  Probe  
  29  2:44  Probe  
  29  2:53  Probe  
  29  2:56  Probe  
  31  3:05  Probe  
  31  3:08  Twilight Council  
  31  3:10  Robotics Facility, Probe  
  33  3:15  Assimilator  
  33  3:18  Probe  
  34  3:22  Probe  
  35  3:30  Probe  
  36  3:40  Probe  
  37  3:47  Warp Prism  
  37  3:48  Probe  
  38  3:52  Probe  
  38  3:54  Dark Shrine  
  39  3:56  Pylon  
  39  4:02  Gateway  
  41  4:04  Gateway  
  41  4:11  Probe, Pylon  
  41  4:12  Probe  
  43  4:21  Pylon  
  43  4:23  Probe  
  44  4:26  Pylon  
  44  4:40  Probe  
  44  4:42  Charge  
  45  4:53  Probe x2  
  45  4:56  Pylon  
  47  5:06  Dark Templar x2  
  47  5:07  Dark Templar x2  
  55  5:26  Probe x2  
  57  5:31  Nexus  
  57  5:32  Pylon  
  57  5:35  Pylon  
  57  5:45  Adept  
  57  5:46  Adept x3  
  63  6:06  Dark Templar x2  
  59  6:25  Archon  
  57  6:26  Archon  
  57  6:33  Stalker x2  
  61  6:43  Pylon  
  61  6:45  Probe  
  62  6:47  Stalker x2  
  62  6:52  Probe  
  67  6:59  Probe, Gateway  
  68  7:01  Gateway  
  68  7:04  Gateway, Pylon  
  68  7:07  Forge, Gateway  
  68  7:08  Gateway, Immortal  
  68  7:09  Probe  
  68  7:10  Gateway  
  68  7:11  Probe  
  68  7:12  Gateway  
  68  7:14  Gateway  
  74  7:16  Probe  
  74  7:20  Dark Templar x2, Protoss Ground Weapons Level 1  
  74  7:21  Probe  
  80  7:24  Dark Templar  
  80  7:27  Zealot  
  80  7:28  Archon  
  80  7:29  Archon  
  84  7:30  Probe  
  84  7:33  Shield Battery  
  84  7:34  Probe  
  84  7:35  Probe  
  87  7:41  Immortal  
  87  7:42  Probe  
  88  7:46  Probe  
  93  7:53  Probe  
  93  7:54  Probe  
  95  8:07  Photon Cannon  
  95  8:09  Photon Cannon  
  95  8:11  Photon Cannon, Pylon  
  95  8:12  Shield Battery  
  98  8:18  Zealot  
  98  8:19  Zealot x4  
  105  8:24  Immortal, Dark Templar  
  105  8:25  Dark Templar  
  109  8:29  Archon  
  113  8:42  Zealot x5  
  123  8:49  Zealot x2  
  123  8:50  Zealot  
  123  8:52  Zealot  
  123  8:55  Zealot  
  133  9:00  Pylon  
  133  9:02  Pylon  
  133  9:05  Pylon  
  133  9:14  Pylon  
  133  9:17  Pylon  
  133  9:18  Observer  
  133  9:21  Pylon  
  134  9:24  Dark Templar x4  
  134  9:26  Zealot x2  
  134  9:28  Zealot  
  134  9:30  Zealot  
  150  9:33  Zealot  
  150  9:35  Zealot  
  150  9:37  Archon  
  150  9:38  Archon  
  154  9:39  Zealot  
  154  9:40  Zealot  
  158  9:50  Photon Cannon  
  158  9:51  Photon Cannon  
  158  9:55  Photon Cannon  
  158  9:58  Shield Battery  
  158  9:59  Photon Cannon  
  158  10:01  Pylon  
  158  10:05  Shield Battery  
  158  10:07  Photon Cannon  
  158  10:18  Zealot x5  
  168  10:34  Zealot  
  168  10:35  Zealot x6  
  156  10:55  Stalker x7  
  138  11:17  Stalker x4  
  138  11:18  Stalker x4  
Tags
 
Add a new tag
Caveats
  • Supply blocks, unpowered buildings, or Contaminate may cause inaccurate times.
  • Supply counts are checked every 10 seconds.